 Dungeon Crawl Stone Soup version 0.24-a0-769-g368c1644f8 (webtiles) character file.

Game seed: 8483333065559994955, levelgen mode: deterministic

60 Kairok the Sneak (level 4, -5/23 HPs)
             Began as a Vine Stalker Assassin on Oct 6, 2019.
             Killed by nerve-wracking pain
             ... invoked by a shadow imp
             ... summoned by Natasha
              (8 damage)
             ... on level 2 of the Dungeon.
             The game lasted 00:01:26 (768 turns).

Kairok the Sneak (Vine Stalker Assassin)             Turns: 768, Time: 00:01:27

Health: -5/23      AC:  3    Str: 14    XL:     4   Next: 6%
Magic:  0/5        EV: 11    Int: 11    God:
Gold:   68         SH:  0    Dex: 16    Spells: 3/3 levels left

rFire    . . .     SeeInvis .   a - +4 dagger
rCold    . . .     Gourm    .   (no shield)
rNeg     . . .     Faith    .   b - +0 robe
rPois    .         Spirit   +   (no helmet)
rElec    .         Reflect  .   c - +0 cloak
rCorr    .         Harm     .   (no gloves)
MR       .....                  (no boots)
Stlth    +++.......             (no amulet)
HPRegen  0.47/turn              (no ring)
MPRegen  0.09/turn              (no ring)

@: no status effects
A: fangs 2, regeneration 1, magic shield, antimagic bite, no potion heal 3, rot
immunity
a: no special abilities


You were on level 2 of the Dungeon.
You were not hungry.

You visited 1 branch of the dungeon, and saw 2 of its levels.

You collected 68 gold pieces.

Inventory:

Hand Weapons
 a - a +4 dagger (weapon)
Missiles
 d - 19 poisoned darts (quivered)
 e - 2 curare-tipped darts
Armour
 b - a +0 robe (worn)
 c - a +0 cloak (worn)
Scrolls
 g - a scroll of random uselessness
 i - a scroll of remove curse
 n - a scroll of teleportation {unknown}
Potions
 h - a potion of haste {unknown}
 j - 2 potions of invisibility
 k - a potion of agility
 l - a potion of flight {unknown}
Comestibles
 f - 5 rations


   Skills:
 + Level 2.0 Fighting
 + Level 2.2 Short Blades
 + Level 1.8 Throwing
 + Level 0.7 Dodging
 + Level 6.3 Stealth


You had 3 spell levels left.
You didn't know any spells.
Your spell library was empty.

Dungeon Overview and Level Annotations

Branches:
Dungeon (2/15)

Altars:

Annotations:
D:2 Natasha


Innate Abilities, Weirdness & Mutations

You have extremely sharp teeth.
Your natural rate of healing is unusually fast.
When hurt, damage is shared between your health and your magic reserves.
Your bite disrupts and absorbs the magic of your enemies.
Potions cannot restore your health.
You are immune to rotting.


Message History

You feel troubled.
Natasha howls an incantation.
Natasha's front paws start to glow.
Things that are here:
a +0 hunting sling; 25 stones The shadow imp gestures at you.
Pain shoots through your body!
* * * LOW HITPOINT WARNING * * *
You see here a stone.
The shadow imp grinds its teeth.
The shadow imp disappears in a puff of smoke!
Natasha casts a spell.
A giant cockroach comes into view.
The shadow imp gestures at you. Pain shoots through your body!
* * * LOW HITPOINT WARNING * * *
Natasha mewls in sadness.
The shadow imp gestures at you. Pain shoots through your body!
You die...

##.##...####..####
.................##
.###.##.............###
.......................
...........†........## ..#
#....................
...####.#s..........(....##
.#....#.#................#
.......<).@.............##
.................#........
....>......##...##.########
...........###.5.#(.5(hg...
...###.#######..#.#######.
#.# ##...h......# ## #.#
##..#.#..###...##
...###.###..##.##..# .##
.........##.###.###.>.


You could see Natasha, a shadow imp and a giant cockroach.

Vanquished Creatures
  Jessica (D:2)
  A worm (D:2)
  2 giant cockroaches (D:1)
  6 goblins
  3 hobgoblins
  4 jackals (D:2)
  5 bats (D:1)
  A frilled lizard (D:1)
  3 kobolds (D:2)
  3 rats
29 creatures vanquished.

Notes
Turn   | Place    | Note
-------+----------+-------------------------------------------
     0 | D:1      | Kairok the Vine Stalker Assassin began the quest for the
                  | Orb.
     0 | D:1      | Reached XP level 1. HP: 11/11 MP: 2/2
    33 | D:1      | Reached skill level 5 in Stealth
   214 | D:1      | Reached XP level 2. HP: 15/15 MP: 3/3
   581 | D:2      | Noticed Jessica
   588 | D:2      | Killed Jessica
   588 | D:2      | Reached skill level 6 in Stealth
   588 | D:2      | Reached XP level 3. HP: 18/18 MP: 4/4
   710 | D:2      | Gained mutation: Your natural rate of healing is unusually
                  | fast. [Vine Stalker growth]
   710 | D:2      | Reached XP level 4. HP: 18/23 MP: 5/5
   736 | D:2      | Noticed Natasha
   768 | D:2      | Killed from afar by a shadow imp

Levels and vault maps discovered:
D:1:      dpeg_arrival_fog, layout_loops_ring
D:2:      layout_rooms, uniq_natasha, uniq_jessica

Skill      XL: |  1  2 |
---------------+-------+-----
Stealth        | 5 6 |  6.3
Fighting       | 2 |  2.0
Short Blades   | 2 |  2.2
Throwing       | |  1.8
Dodging        | |  0.7

Action                   |  1- 3 |  4- 6 || total
-------------------------+-------+-------++-------
Melee: Dagger            |    51 |     4 ||    55
       Bite              |     5 |     2 ||     7
  Use: Scroll            |     8 |       ||     8
 Stab: Sleeping          |    10 |       ||    10
       Distracted        |     1 |       ||     1
Armor: Robe              |    11 |       ||    11
Dodge: Dodged            |    33 |     4 ||    37

Table legend:
 A = Non-vault XP
 B = Vault XP
 C = Vault XP percentage of total XP
 D = Non-vault monster count
 E = Vault monster count
 F = Vault count percentage of total count
                 A         B        C        D         E       F
            +---------+---------+-------+---------+---------+-------
      Total |      50 |      37 |  42.5 |      28 |       1 |   3.4
            +---------+---------+-------+---------+---------+-------
        D:1 |      25 |       0 |   0.0 |      15 |       0 |   0.0
        D:2 |      25 |      37 |  59.7 |      13 |       1 |   7.1
            +---------+---------+-------+---------+---------+-------
